 Dungeon Crawl Stone Soup version 0.31-a0-981-geadf994542 (webtiles) character file.

Game seed: 1690075762634536070

346 IdlyInterested the Trooper (level 6, -2/51 HPs)
             Began as a Demonspawn Fighter on Oct 31, 2023.
             Splashed by a jelly's acid (9 damage)
             ... on level 5 of the Dungeon.
             The game lasted 00:11:09 (3710 turns).

IdlyInterested the Trooper (Demonspawn Fighter)     Turns: 3710, Time: 00:11:09

Health: -2/51      AC: -6    Str: 17    XL:     6   Next: 32%
Magic:  8/8        EV:  9    Int: 17    God:
Gold:   327        SH: 11    Dex: 12    Spells: 3/7 levels left

rFire   . . .        e - +2 dagger (elec)
rCold   . . .        g - +2 buckler
rNeg    . . .        a - +0 scale mail
rPois   .            (no helmet)
rElec   .            (no cloak)
rCorr   .            (no gloves)
SInv    .            (no boots)
Will    .....        (no amulet) Stlth
                     b - +6 ring of intelligence
HPRegen 0.28/turn    f - ring of wizardry
MPRegen 0.11/turn

%: wizardry (x1)
@: corroded
A: icy blue scales 2, foul stench 1, weakness stinger 2, large bone plates 1
a: no special abilities


You were on level 5 of the Dungeon.
You visited 1 branch of the dungeon, and saw 5 of its levels.

You collected 327 gold pieces.

Inventory:

Hand Weapons
 c - a +0 hand axe
 e - a +2 dagger of electrocution (weapon)
 i - a +0 short sword
 q - a +0 spear
 x - a +0 flail
Missiles
 d - 37 stones (quivered)
 j - 9 poisoned darts
 v - 4 boomerangs
Armour
 a - a +0 scale mail (worn)
 g - a +2 buckler (worn)
 m - a +0 ring mail
 A - a +0 robe
 B - a +0 leather armour
Magical Staves
 t - a staff of death
Jewellery
 b - a +6 ring of intelligence (left hand)
 f - a ring of wizardry (right hand)
 h - a ring of resist corrosion
 y - a +6 ring of dexterity
Wands
 w - a wand of light (2)
Scrolls
 k - a scroll of revelation
 n - 2 scrolls of blinking
 o - a scroll of summoning
 p - a scroll of immolation
 r - a scroll of enchant weapon
 u - a scroll of identify
 C - a scroll of acquirement {unknown}
Potions
 l - a potion of mutation
 s - a potion of curing
 z - a potion of degeneration {unknown}


   Skills:
 * Level 5.5 Fighting
 - Level 1.0 Throwing
 - Level 2.6 Armour
 - Level 1.0 Dodging
 - Level 1.0 Stealth
 - Level 4.0 Shields
 - Level 1.7 Unarmed Combat
 + Level 1.4 Spellcasting


You had 3 spell levels left.
You knew the following spells:

 Your Spells              Type           Power      Damage    Failure   Level
a - Manifold Assault      Tloc           1%         N/A       96%         4

Your spell library contained the following spells:

 Spells                   Type           Power      Damage    Failure   Level
 Sandblast                Erth           2%         2d4       32%         1
 Blink                    Tloc           2%         N/A       45%         2
 Passwall                 Tmut/Erth      0%         N/A       45%         2
 Stone Arrow              Conj/Erth      2%         3d7       67%         3
 Brom's Barrelling Bould  Conj/Erth      1%         2d3       96%         4


Dungeon Overview and Level Annotations

Branches:
Dungeon (5/15)
 Temple: D:4-7

Altars:
Uskayaw
Xom


Innate Abilities, Weirdness & Mutations

You are mostly covered in icy blue scales. (AC +3)
You may rarely emit foul miasma when damaged in melee.
You have a tail ending in a sharp stinger.
You are partially covered in large bone plates. (SH +4)


Message History

Aim: a jelly (89% to hit)
You throw a stone. The stone hits the jelly.
The jelly is moderately wounded.
Throw: 39 stones
Press: ? - help, Q - select action, (/) - cycle Shift-Dir - straight line, f/p - jelly
Aim: a jelly (moderately wounded, 89% to hit)
You throw a stone.
The stone hits the jelly but does no damage.
The jelly is moderately wounded.
Throw: 38 stones
Press: ? - help, Q - select action, (/) - cycle Shift-Dir - straight line, f/p - jelly
Aim: a jelly (moderately wounded, 89% to hit)
You throw a stone. The stone hits the jelly.
The jelly is moderately wounded.
You hit the jelly.
Your hands burn!
The jelly is severely wounded.
The jelly barely misses you.
You hit the jelly. The acid corrodes you!
Your hands burn!
The jelly is severely wounded.
You block the jelly's attack.
You hit the jelly but do no damage. The acid corrodes you!
Your hands burn!
The jelly is severely wounded.
The jelly hits you. The acid corrodes you!
You are splashed with acid!
You hit the jelly but do no damage.
Your hands burn!
The jelly is severely wounded.
You block the jelly's attack.
You hit the jelly but do no damage.
Your hands burn!
The jelly is severely wounded.
The jelly hits you. The acid corrodes you!
You are splashed with acid!
You hit the jelly but do no damage.
Your hands burn!
* * * LOW HITPOINT WARNING * * *
The jelly is severely wounded.
The jelly hits you.
* * * LOW HITPOINT WARNING * * *
You are splashed with acid!
* * * LOW HITPOINT WARNING * * *
You feel better. The jelly hits you.
* * * LOW HITPOINT WARNING * * *
The acid corrodes you!
You are splashed with acid!
You die...

##................
#..............#
#..............#
#..............#
#..............#
#..............#######?
#########..............
#..............
#####..@J......
######..... ... .


You could see a jelly.

Vanquished Creatures
  An ogre (D:4)
  A scorpion (D:4)
  A sleepcap (D:5)
  Jessica (D:2)
  An orc wizard (D:3)
  4 gnolls (D:4)
  An adder (D:4)
  3 dart slugs
  6 orcs
  A bat (D:3)
  3 endoplasms (D:1)
  4 giant cockroaches
  9 goblins
  6 hobgoblins
  3 jackals (D:3)
  3 kobolds
  4 quokkas
  4 ball pythons
  5 frilled lizards
  2 rats
63 creatures vanquished.

Notes
Turn   | Place    | Note
-------+----------+-------------------------------------------
     0 | D:1      | IdlyInterested the Demonspawn Fighter began the quest for
                  | the Orb.
     0 | D:1      | Reached XP level 1. HP: 18/18 MP: 1/1
   203 | D:1      | Reached skill level 1 in Dodging
   224 | D:1      | Gained mutation: You have a small tail. [demonic ancestry]
   224 | D:1      | Reached XP level 2. HP: 22/24 MP: 2/2
   297 | D:1      | Reached skill level 1 in Stealth
   821 | D:2      | Identified the +3 sling of the Swamp {freeze, Will++ Dex+2}
   867 | D:2      | Gained mutation: You are partially covered in icy blue
                  | scales. (AC +2) [demonic ancestry]
   867 | D:2      | Reached XP level 3. HP: 25/29 MP: 3/3
   918 | D:2      | Reached skill level 1 in Throwing
   923 | D:2      | Found a faded altar of an unknown god.
  1027 | D:2      | Noticed Jessica
  1035 | D:2      | HP: 1/29 [Jessica/nerve-wracking pain (13)]
  1039 | D:2      | Killed Jessica
  1225 | D:2      | Reached skill level 4 in Fighting
  1593 | D:3      | Gained mutation: You are mostly covered in icy blue scales.
                  | (AC +3) [demonic ancestry]
  1593 | D:3      | Reached XP level 4. HP: 37/37 MP: 4/4
  1836 | D:3      | Reached skill level 1 in Spellcasting
  1841 | D:3      | Learned a level 4 spell: Manifold Assault
  2696 | D:4      | Gained mutation: You are partially covered in large bone
                  | plates. (SH +4) [potion of mutation]
  2748 | D:4      | Found a hide-covered altar of Uskayaw.
  2749 | D:4      | Found a shimmering altar of Xom.
  2753 | D:4      | Noticed a scorpion
  2765 | D:4      | Killed a scorpion
  2766 | D:4      | Gained mutation: You have a tail ending in a sharp stinger.
                  | [demonic ancestry]
  2766 | D:4      | Reached XP level 5. HP: 33/43 MP: 6/6
  2953 | D:4      | Noticed an ogre
  2964 | D:4      | Killed an ogre
  2965 | D:4      | Reached skill level 5 in Fighting
  2969 | D:4      | Gained mutation: You may rarely emit foul miasma when
                  | damaged in melee. [demonic ancestry]
  2969 | D:4      | Reached XP level 6. HP: 48/51 MP: 7/7
  3541 | D:5      | Entered Level 5 of the Dungeon
  3709 | D:5      | HP: 1/51 [acid (9)]
  3710 | D:5      | Splashed by a jelly's acid

Illustrated notes

Levels and vault maps discovered:
D:1:      tarquinn_simple_flora_water_b, layout_rooms, minmay_3d_cube
D:2:      layout_rooms, hellmonk_ecumenical_altar_zigzags, uniq_jessica
D:3:      layout_basic, nicolae_concentric_dashed_squares_mild
D:4:      layout_loops_ring, grunt_temple_overflow_open, corner_web_ring,
          minmay_pentomino_pile
D:5:      layout_basic, minmay_temple_entry_poolview, eino_tiny_chamber,
          uniq_grinder, uniq_crazy_yiuf_cottage

Skill      XL: |  1  2  3  4  5 |
---------------+----------------+-----
Dodging        | 1 |  1.0
Stealth        | 1 |  1.0
Throwing       | 1 |  1.0
Fighting       | 4 5 |  5.5
Shields        | 3 4 |  4.0
Spellcasting   | 1 |  1.4
Armour         | |  2.6
Unarmed Combat | |  1.7

Action                     |  1- 3 |  4- 6 || total
---------------------------+-------+-------++-------
  Melee: Unarmed           |   147 |    27 ||   174
         Tailslap          |    13 |    14 ||    27
         Dagger            |       |    86 ||    86
  Throw: Stone             |       |     8 ||     8
         Dart              |       |     3 ||     3
  Evoke: Wand              |       |     1 ||     1
    Use: Scroll            |     5 |     3 ||     8
         Potion            |     2 |     3 ||     5
 Armour: Scale mail        |    66 |    62 ||   128
  Dodge: Dodged            |    64 |    27 ||    91
  Block: Buckler           |    28 |    34 ||    62

Table legend: (Time is in decaauts)
 A = Elapsed time spent in this place.
 B = Non-inter-level travel time spent in this place.
 C = Inter-level travel time spent in this place.
 D = Time resting spent in this place.
 E = Time spent auto-exploring this place.
 F = Levels seen in this place.
 G = Mean time per level.
                   A        B        C        D        E       F      G
               +--------+--------+--------+--------+--------+-----+--------+
         Total |   3714 |   3194 |    520 |    682 |   1630 |   5 |  742.8 |
       Dungeon |   3714 |   3194 |    520 |    682 |   1630 |   5 |  742.8 |
               +--------+--------+--------+--------+--------+-----+--------+

Top non-repeatable levels by time:
     D:3: 1079 daAuts
     D:4: 976 daAuts
     D:1: 819 daAuts
     D:2: 731 daAuts
     D:5: 107 daAuts
